Map: [TLMC15] Pride of Altaris

Players

Reynor - Winner!

  • Race: Zerg Zerg

Solar

  • Race: Zerg Zerg

Event: DreamHack SC2 Masters Last Chance 2022

VOD

Have the link to the VOD?

Description

Time

  • Played on: Jan. 15, 2022, 8:12 a.m.
  • Length: 7:19

All games in this series

Show
View Real Time Build Order
Export as new Build Order

Reynor Zerg - Winner!

Build Orders: Hatch First, Zergling Baneling 

Get SALT Encoding   

  12  0:00  Drone  
  13  0:12  Overlord  
  13  0:16  Drone  
  14  0:30  Drone x2  
  16  0:48  Hatchery  
  15  0:52  Drone  
  15  0:55  Drone  
  17  0:59  Drone  
  18  1:09  Extractor  
  17  1:14  Spawning Pool  
  17  1:17  Drone  
  17  1:20  Drone  
  18  1:28  Drone  
  19  1:38  Drone  
  20  1:52  Overlord  
  20  2:01  Queen  
  22  2:03  Zergling x4  
  24  2:09  Metabolic Boost  
  24  2:11  Zergling x2  
  24  2:13  Zergling x2  
  26  2:19  Queen  
  28  2:24  Spine Crawler  
  27  2:30  Baneling Nest  
  27  2:34  Drone  
  27  2:35  Drone  
  28  2:38  Zergling x2  
  28  2:41  Zergling x2  
  30  2:45  Zergling x2  
  30  2:49  Overlord  
  31  2:54  Zergling x4  
  33  3:00  Queen  
  35  3:08  Zergling x2  
  33  3:14  Baneling x2  
  33  3:15  Zergling x6  
  34  3:22  Zergling x2  
  29  3:36  Zergling x4  
  30  3:42  Zergling x2  
  30  3:48  Zergling x6  
  32  3:51  Baneling x2  
  32  3:52  Baneling  
  32  3:57  Zergling x2  
  32  4:02  Zergling x4  
  32  4:09  Zergling x2  
  32  4:15  Zergling x4  
  32  4:17  Baneling  
  32  4:19  Zergling x2  
  32  4:25  Drone x2  
  32  4:28  Zergling x2  
  35  4:33  Zergling x2  
  35  4:34  Zergling x2  
  35  4:35  Baneling  
  38  4:38  Zergling x2  
  37  4:49  Zergling x4  
  34  4:53  Zergling x8  
  34  4:58  Baneling x2  
  34  4:59  Baneling  
  35  5:10  Zergling x6  
  34  5:20  Queen  
  32  5:24  Zergling x2  
  33  5:30  Zergling x2  
  33  5:31  Zergling x4  
  33  5:32  Baneling x2  
  34  5:36  Zergling x4  
  34  5:39  Baneling  
  34  5:41  Zergling x2  
  37  5:48  Zergling x4  
  38  5:50  Zergling x2  
  38  5:57  Zergling x6  
  38  6:02  Zergling x2  
  39  6:06  Zergling x2  
  39  6:11  Zergling x2  
  38  6:16  Zergling x2  
  39  6:20  Queen  
  39  6:22  Zergling x2  
  39  6:25  Zergling x2  
  40  6:28  Zergling x2  
  40  6:33  Baneling  
  40  6:34  Baneling x3  
  40  6:37  Zergling x2  
  41  6:41  Zergling x4  
  41  6:44  Zergling x2  
  41  6:46  Zergling x2  
  40  6:51  Zergling x2  
  39  6:58  Drone x2  
  39  7:00  Zergling x2  
Show
View Real Time Build Order
Export as new Build Order

Solar Zerg 

Build Orders: Pool First, Zergling Baneling 

Get SALT Encoding   

  12  0:01  Drone  
  13  0:12  Overlord  
  13  0:17  Drone  
  14  0:31  Drone x2  
  14  0:35  Drone  
  17  0:41  Extractor  
  16  0:46  Spawning Pool  
  15  0:50  Drone  
  16  0:57  Drone  
  17  1:08  Drone  
  18  1:19  Hatchery  
  17  1:33  Zergling x2, Queen  
  17  1:38  Drone  
  21  1:44  Metabolic Boost  
  21  1:48  Drone  
  22  1:57  Overlord  
  22  2:03  Baneling Nest  
  21  2:09  Zergling x2  
  22  2:16  Zergling x2  
  23  2:23  Zergling x2  
  24  2:32  Zergling x2  
  24  2:35  Queen  
  24  2:36  Zergling x2  
  28  2:42  Zergling x4  
  28  2:43  Zergling x4  
  32  2:50  Baneling x2  
  32  2:52  Overlord  
  32  2:54  Zergling x2  
  33  3:03  Zergling x2  
  33  3:04  Baneling  
  33  3:05  Baneling  
  34  3:08  Zergling x4  
  34  3:16  Zergling x4  
  34  3:19  Zergling x2  
  35  3:23  Zergling x4  
  36  3:32  Zergling x4  
  34  3:37  Baneling  
  34  3:38  Baneling  
  34  3:39  Zergling x4  
  33  3:49  Zergling x4  
  33  3:52  Baneling  
  33  3:53  Baneling  
  31  4:05  Zergling x4  
  32  4:13  Zergling x2  
  32  4:15  Zergling x4  
  32  4:18  Zergling x4  
  32  4:23  Zergling x2  
  32  4:25  Baneling  
  32  4:28  Zergling x2  
  33  4:33  Baneling x2  
  33  4:35  Zergling x2  
  34  4:45  Zergling x6  
  35  4:50  Zergling x4  
  36  4:56  Baneling x2  
  36  5:00  Zergling x2  
  36  5:01  Zergling x2  
  36  5:07  Zergling x2  
  36  5:09  Zergling x2  
  36  5:12  Zergling x2  
  31  5:16  Zergling x2  
  29  5:21  Zergling x2  
  29  5:22  Zergling x2  
  31  5:29  Baneling x3  
  31  5:30  Zergling x2  
  30  5:39  Zergling x2  
  30  5:43  Zergling x2  
  30  5:46  Zergling x2  
  32  5:52  Zergling x2  
  32  5:54  Zergling x2  
  33  5:58  Zergling x2  
  33  6:01  Zergling x2  
  34  6:09  Zergling x4  
  34  6:10  Zergling x2  
  33  6:18  Zergling x2  
  33  6:21  Zergling x2  
  30  6:30  Baneling x4  
  30  6:31  Zergling x2  
  30  6:34  Zergling x2  
  30  6:37  Zergling x2  
  31  6:40  Zergling x2  
  31  6:44  Zergling x2  
  29  6:50  Baneling  
  29  6:52  Zergling x2  

Tags
 
Add a new tag
Caveats
  • Supply blocks, unpowered buildings, or Contaminate may cause inaccurate times.
  • Supply counts are checked every 10 seconds.